 Dungeon Crawl Stone Soup version 0.27-a0-1591-gc56fcc985a (webtiles) character file.

Game seed: 4909523195209264647

37 Sin92 the Skirmisher (level 3, -7/29 HPs)
             Began as a Demonspawn Fighter on July 19, 2021.
             Mangled by an ice beast (10 damage)
             ... on level 4 of the Dungeon.
             The game lasted 00:00:55 (1392 turns).

Sin92 the Skirmisher (Demonspawn Fighter)           Turns: 1392, Time: 00:00:56

Health: -7/29      AC:  6    Str: 17    XL:     3   Next: 21%
Magic:  3/3        EV:  7    Int:  9    God:
Gold:   48         SH:  9    Dex: 12    Spells: 2/2 levels left

rFire    . . .     SeeInvis +   a - +1 trident
rCold    . . .     Faith    .   c - +1 kite shield
rNeg     . . .     Spirit   .   b - +0 scale mail
rPois    .         Reflect  .   (no helmet)
rElec    .         Harm     .   (no cloak)
rCorr    .         Rampage  .   (no gloves)
Will     .....                  (no boots)
Stlth    ..........             (no amulet)
HPRegen  0.09/turn              i - ring of see invisible
MPRegen  0.08/turn              (no ring)

@: no status effects
A: spiny 1
a: no special abilities


You were on level 4 of the Dungeon.
You visited 1 branch of the dungeon, and saw 3 of its levels.

You collected 48 gold pieces.

Inventory:

Hand Weapons
 a - a +1 trident (weapon)
Armour
 b - a +0 scale mail (worn)
 c - a +1 kite shield (worn)
Jewellery
 i - a ring of see invisible (left hand)
Scrolls
 e - 2 scrolls of silence
 f - a scroll of enchant weapon
Potions
 d - a potion of might
 g - a potion of mutation {unknown}
 j - 2 potions of attraction {unknown}
 k - 2 potions of curing {unknown}


   Skills:
 + Level 3.2 Fighting
 * Level 2.3 Polearms
 + Level 3.0 Armour
 + Level 0.8 Dodging
 + Level 2.9 Shields


You had 2 spell levels left.
You didn't know any spells.
Your spell library was empty.

Dungeon Overview and Level Annotations

Branches:
Dungeon (2/15)

Altars:


Innate Abilities, Weirdness & Mutations

You are partially covered in sharp spines.


Message History

There are monsters nearby!
You puncture the ice beast!
The ice beast is heavily wounded.
You block the ice beast's attack. The ice beast hits you.
The ice beast freezes you.
You hit the ice beast but do no damage.
The ice beast is heavily wounded.
You block the adder's attack. The ice beast is struck by your spines.
The ice beast hits you. The ice beast freezes you!
* * * LOW HITPOINT WARNING * * *
You block the adder's attack.
Unknown command.
You are too injured to fight recklessly!
Unknown command.
You are too injured to fight recklessly!
Unknown command.
You are too injured to fight recklessly!
Unknown command.
You are too injured to fight recklessly!
You barely miss the ice beast.
The ice beast is heavily wounded.
The adder bites you.
* * * LOW HITPOINT WARNING * * *
The ice beast is struck by your spines. The ice beast barely misses you.
You block the adder's attack. You block the ice beast's attack.
You hit the ice beast but do no damage.
The ice beast is severely wounded.
The adder bites you but does no damage. The ice beast is struck by your spines.
The ice beast completely misses you. The adder bites you but does no damage.
You barely miss the ice beast.
The ice beast is severely wounded.
The adder is struck by your spines. The adder barely misses you.
You block the ice beast's attack. The adder barely misses you.
Unknown command.
You hit the ice beast.
The ice beast is almost dead.
The ice beast hits you.
* * * LOW HITPOINT WARNING * * *
The ice beast freezes you!
You die...

#. .# ###.##.#
#......#
.###...#..#####
.......#......##
#...#........
#.....####.#.
###..## #.@#
#SY# #... #..##
...# ...## .#.
#.#.


You could see an ice beast and an adder.

Vanquished Creatures
  An adder (D:2)
  A worm (D:2)
  3 endoplasms (D:1)
  A giant cockroach (D:1)
  3 goblins (D:1)
  2 hobgoblins
  2 jackals (D:1)
  2 ball pythons
  4 bats (D:1)
  2 frilled lizards
  3 kobolds
  A rat (D:1)
25 creatures vanquished.

Notes
Turn   | Place    | Note
-------+----------+-------------------------------------------
     0 | D:1      | Sin92 the Demonspawn Fighter began the quest for the Orb.
     0 | D:1      | Reached XP level 1. HP: 18/18 MP: 1/1
   327 | D:1      | Gained mutation: You are partially covered in sharp spines.
                  | [demonic ancestry]
   327 | D:1      | Reached XP level 2. HP: 24/24 MP: 2/2
  1194 | D:2      | Reached XP level 3. HP: 23/29 MP: 3/3
  1381 | D:2      | You fall into a shaft and drop 2 floors!
  1381 | D:4      | Noticed an ice beast
  1392 | D:4      | Mangled by an ice beast

Illustrated notes

Levels and vault maps discovered:
D:1:      noname_arrival_rooms_in_the_neighbourhood, layout_loops_corners
D:2:      layout_loops_ring
D:4:      layout_loops_ring, nicolae_qazlal_general_emergency,
          grunt_temple_overflow_open, serial_shops, kennysheep_mini_moat

Skill      XL: |  1  2 |
---------------+-------+-----
Polearms       | 2 |  2.3
Armour         | 3 |  3.0
Fighting       | |  3.2
Dodging        | |  0.8
Shields        | |  2.9

Action                   || total
-------------------------++-------
Melee: Trident           ||    73
  Use: Scroll            ||     4
Armor: Scale mail        ||    22
Dodge: Dodged            ||    13
Block: Kite shield       ||    36

Table legend: (Time is in decaauts)
 A = Elapsed time spent in this place.
 B = Non-inter-level travel time spent in this place.
 C = Inter-level travel time spent in this place.
 D = Time resting spent in this place.
 E = Time spent auto-exploring this place.
 F = Levels seen in this place.
 G = Mean time per level.
                   A        B        C        D        E       F      G
               +--------+--------+--------+--------+--------+-----+--------+
         Total |   1422 |   1409 |     13 |      0 |   1230 |   3 |  474.0 |
       Dungeon |   1422 |   1409 |     13 |      0 |   1230 |   3 |  474.0 |
               +--------+--------+--------+--------+--------+-----+--------+

Top non-repeatable levels by time:
     D:1: 981 daAuts
     D:2: 427 daAuts
     D:4: 13 daAuts
